 Dungeon Crawl Stone Soup version 0.31.0-9-g3a7656b989 (console) character file.

Game seed: 10702744720559606465

216 AlterAsc the Chopper (level 6, -1/47 HPs)
             Began as a Formicid Fighter on Jan 30, 2024.
             Slain by an orc
             ... wielding a +0 whip
              (4 damage)
             ... on level 4 of the Dungeon.
             The game lasted 00:03:52 (2813 turns).

AlterAsc the Chopper (Formicid Fighter)             Turns: 2813, Time: 00:03:53

Health: -1/47      AC: 12    Str: 22    XL:     6   Next: 16%
Magic:  6/6        EV:  6    Int:  8    God:
Gold:   220        SH:  5    Dex: 13    Spells: 5/5 levels left

rFire   . . .        a - +0 war axe
rCold   . . .        c - +0 buckler
rNeg    . . .        f - +0 plate armour
rPois   .            (helmet unavailable)
rElec   .            (no cloak)
rCorr   .            h - +0 pair of gloves
SInv    +            (no boots)
Will    .....        (no amulet) Stlth
                     (no ring)
HPRegen 0.27/turn    (no ring)
MPRegen 0.10/turn

%: no passive effects
@: no status effects
A: permanent stasis, dig shafts and tunnels, antennae 3, four strong arms
a: Dig, Shaft Self


You were on level 4 of the Dungeon.
You visited 1 branch of the dungeon, and saw 4 of its levels.

You collected 220 gold pieces.

Inventory:

Hand Weapons
 a - a +0 war axe (weapon)
 v - a +0 glaive
Missiles
 n - 8 poisoned darts (quivered)
Armour
 b - a +0 scale mail
 c - a +0 buckler (worn)
 f - a +0 plate armour (worn)
 h - a +0 pair of gloves (worn)
Jewellery
 i - a ring of fire
Wands
 k - a wand of paralysis (10)
 u - a wand of quicksilver (4)
Scrolls
 e - a scroll of fog {unknown}
 g - 2 scrolls of identify {unknown}
 l - a scroll of vulnerability {unknown}
 m - a scroll of blinking {unknown}
 p - a scroll of poison {unknown}
 q - a scroll of fear {unknown}
 t - a scroll of teleportation {unknown}
 w - a scroll of amnesia {unknown}
Potions
 d - a potion of might
 j - a potion of enlightenment {unknown}
 o - a potion of curing {unknown}
 r - a potion of heal wounds {unknown}
 s - a potion of magic {unknown}


   Skills:
 - Level 3.2 Fighting
 + Level 6.0 Axes
 - Level 3.2 Armour
 - Level 4.0 Shields


You had 5 spell levels left.
You didn't know any spells.
Your spell library contained the following spells:

 Spells                   Type           Power      Damage    Failure   Level
 Magic Dart               Conj           0%         1d3       100%        1
 Searing Ray              Conj           0%         2d4       100%        2
 Gell's Gravitas          Tloc           0%         N/A       100%        3
 Teleport Other           Tloc           0%         N/A       100%        3
 Fulminant Prism          Conj/Alch      0%         3d5       100%        4
 Dispersal                Tloc           0%         N/A       100%        6


Dungeon Overview and Level Annotations

Branches:
Dungeon (4/15)
 Temple: D:4-7

Altars:
Qazlal
Wu Jian


Innate Abilities, Weirdness & Mutations

You cannot be hasted, slowed, berserked, paralysed or teleported.
You can dig through walls and to a lower floor.
You have a pair of large antennae on your head. (SInv)
Your four strong arms can wield two-handed weapons with a shield.


Message History

You hit the orc wizard but do no damage.
The orc wizard is moderately wounded.
The orc wizard hits you but does no damage.
You slash the orc wizard!
You kill the orc wizard!
Your Axes skill increases to level 6!
You closely miss the hobgoblin.
The hobgoblin hits you but does no damage. x2
You barely miss the hobgoblin.
The orc priest mumbles some strange prayers to Beogh against you.
Beogh smites you! The hobgoblin completely misses you.
You barely miss the hobgoblin.
The hobgoblin hits you but does no damage.
You barely miss the hobgoblin. The hobgoblin barely misses you.
You barely miss the hobgoblin.
The hobgoblin hits you but does no damage.
You barely miss the hobgoblin.
The hobgoblin hits you but does no damage. x2
You slash the hobgoblin!
You kill the hobgoblin!
You closely miss the orc. The orc hits you with a +0 whip.
You closely miss the orc. The orc hits you with a +0 whip.
You barely miss the orc. You block the orc's attack.
The orc hits you with a +0 whip.
You barely miss the orc.
The orc priest calls down the wrath of Beogh upon you.
Beogh smites you! The orc hits you but does no damage.
You barely miss the orc. The orc barely misses you.
You barely miss the orc. The orc closely misses you.
The orc priest calls down the wrath of Beogh upon you.
Beogh smites you!
* * * LOW HITPOINT WARNING * * *
You barely miss the orc. The orc hits you but does no damage.
You block the orc's attack.
The orc priest casts a cantrip, but nothing happens.
You extend your mandibles.
An orc is nearby!
Are you sure you want to shaft yourself?
The orc hits you but does no damage.
You begin to dig a shaft.
You continue digging a shaft.
The orc hits you with a +0 whip.
You die...

#.. #.# .######.. #.#
......... #.# ........#
####.###### #.......#
#.........# #.......#
#......##.#
........#######..#......#
.........o...o#..#...#..####
.........####)#............#
.........# #{#.##....####.#
.........+ ##.#@##...... #.#
.........# #..o.##.####. #<#
.........# #.....#. (####
....######...#...... # ...
#..##+#.#.## #.. .#.# #.. .#
# ... .# #. .#


You could see an orc.

Vanquished Creatures
  Jessica (D:2)
  Natasha (thrice) (D:2)
  An orc wizard (D:4)
  Robin (D:2)
  2 ribbon worms (D:3)
  3 dart slugs
  3 orcs
  5 endoplasms
  2 giant cockroaches
  13 goblins
  8 hobgoblins
  3 jackals (D:2)
  A quokka (D:2)
  3 ball pythons (D:3)
  5 bats
  3 frilled lizards
  8 kobolds
  4 rats
69 creatures vanquished.

Notes
Turn   | Place    | Note
-------+----------+-------------------------------------------
     0 | D:1      | AlterAsc the Formicid Fighter began the quest for the Orb.
     0 | D:1      | Reached XP level 1. HP: 18/18 MP: 1/1
    81 | D:1      | Reached XP level 2. HP: 24/24 MP: 2/2
   219 | D:1      | Reached skill level 3 in Axes
   832 | D:2      | Noticed Robin
   834 | D:2      | Reached XP level 3. HP: 29/29 MP: 3/3
   843 | D:2      | Killed Robin
   984 | D:2      | Reached skill level 4 in Axes
   984 | D:2      | Reached XP level 4. HP: 35/35 MP: 4/4
   997 | D:2      | Noticed Natasha
   999 | D:2      | Killed Natasha
  1131 | D:2      | Noticed Natasha
  1136 | D:2      | Killed Natasha
  1137 | D:2      | Reached XP level 5. HP: 38/41 MP: 5/5
  1264 | D:2      | Noticed Natasha
  1272 | D:2      | Killed Natasha
  1273 | D:2      | Reached skill level 5 in Axes
  1542 | D:2      | Noticed Jessica
  1547 | D:2      | Killed Jessica
  2615 | D:3      | Found an ornate altar of the Wu Jian Council.
  2620 | D:3      | Found a stormy altar of Qazlal.
  2786 | D:4      | Reached XP level 6. HP: 44/47 MP: 6/6
  2795 | D:4      | Reached skill level 6 in Axes
  2807 | D:4      | HP: 2/47 [orc priest/divine providence (15)]
  2813 | D:4      | Slain by an orc

Illustrated notes

Levels and vault maps discovered:
D:1:      dpeg_arrival_boxorama, layout_basic
D:2:      layout_loops_corners, kennysheep_pointless_box, uniq_robin,
          uniq_jessica, uniq_natasha
D:3:      layout_loops_cross, mainiacjoe_overflow_big_doors,
          kennysheep_generic_room_6
D:4:      layout_basic, grunt_gozag_breadcrumbs, serial_shops,
          nicolae_shop_statue_plus

Skill      XL: |  1  2  3  4  5  6 |
---------------+-------------------+-----
Axes           | 3 4 5 6 |  6.0
Fighting       | |  3.2
Armour         | |  3.2
Shields        | |  4.0

Action                     |  1- 3 |  4- 6 || total
---------------------------+-------+-------++-------
  Melee: War axe           |    55 |   143 ||   198
Ability: Dig               |       |     1 ||     1
         Shaft Self        |       |     1 ||     1
 Armour: Scale mail        |     4 |       ||     4
         Plate armour      |    45 |   122 ||   167
  Dodge: Dodged            |    17 |    33 ||    50
  Block: Buckler           |    18 |    41 ||    59
